 Dungeon Crawl Stone Soup version 0.20.1-1-g8b1a95d (webtiles) character file.

95 n0claF the Firebug (level 4, 0/24 HPs)
             Began as a Deep Elf Fire Elementalist on Nov 1, 2017.
             Slain by a crimson imp (3 damage)
             ... on level 3 of the Dungeon.
             The game lasted 00:05:20 (1729 turns).

n0claF the Firebug (Deep Elf Fire Elementalist)     Turns: 1729, Time: 00:05:20

Health: 0/24       AC:  2    Str:  5    XL:     4   Next: 39%
Magic:  11/11      EV: 14    Int: 21    God:
Gold:   92         SH:  0    Dex: 15    Spells: 6/10 levels left

rFire    . . .     SeeInvis .   g - +0 short sword
rCold    . . .     Gourm    .   (no shield)
rNeg     . . .     Faith    .   a - +0 robe
rPois    .         Spirit   .   (no helmet)
rElec    .         Reflect  .   (no cloak)
rCorr    .         Harm     .   (no gloves)
MR       .....                  (no boots)
Stlth    ++........             (no amulet)
Regen    0.1/turn               (no ring)
MPRegen  0.2/turn               (no ring)

@: no status effects
A: no striking features
a: no special abilities


You were on level 3 of the Dungeon.
You were not hungry.

You visited 1 branch of the dungeon, and saw 3 of its levels.

You collected 92 gold pieces.

Inventory:

Hand Weapons
 g - a +0 short sword (weapon)
Armour
 a - a +0 robe (worn)
Scrolls
 h - 2 scrolls of remove curse {unknown}
 k - a scroll of identify {unknown}
 m - a scroll of fear {unknown}
 n - a scroll of teleportation {unknown}
Potions
 d - a potion of heal wounds {unknown}
 e - 2 potions of agility {unknown}
 j - a potion of curing {unknown}
 l - a potion of invisibility {unknown}
Books
 b - a book of Flames

   Spells                             Type                      Level
   a - Flame Tongue                   Conjuration/Fire             1
   b - Throw Flame                    Conjuration/Fire             2
   c - Conjure Flame                  Conjuration/Fire             3
   d - Inner Flame                    Hexes/Fire                   3
   e - Sticky Flame                   Conjuration/Fire             4
   f - Fireball                       Conjuration/Fire             5
Comestibles
 c - 4 bread rations
 f - a meat ration
 i - a royal jelly


   Skills:
 + Level 3.6 Dodging
 - Level 2.5 Stealth
 + Level 3.9 Spellcasting
 + Level 2.1 Conjurations
 + Level 4.2 Fire Magic


You had 6 spell levels left.
You knew the following spells:

 Your Spells              Type           Power        Failure   Level  Hunger
a - Flame Tongue          Conj/Fire      ###..        3%          1    None
b - Conjure Flame         Conj/Fire      ###.....     10%         3    ###....


Dungeon Overview and Level Annotations

Branches:
Dungeon (3/15)

Altars:
Uskayaw


Message History

You completely miss the crimson imp. The crimson imp hits you.
* * * LOW HITPOINT WARNING * * *
You hit the crimson imp.
The crimson imp is moderately wounded.
The crimson imp hits you.
* * * LOW HITPOINT WARNING * * *
The crimson imp hits you.
* * * LOW HITPOINT WARNING * * *
You hit the crimson imp.
The crimson imp is moderately wounded.
The crimson imp shouts, "Bolt, thou baffled tickle-brained cross-patch!"
The crimson imp hits you.
* * * LOW HITPOINT WARNING * * *
You miss the crimson imp.
The crimson imp is moderately wounded.
The crimson imp barely misses you.
You miss the crimson imp.
The crimson imp is moderately wounded.
The crimson imp hits you.
You die...

.........
#.?.........#
........# #.....#
........# #.#.###
........# ###.# #
......†.## #...#
#####...<####.###
#..#..##..#
#..@..##.##
#......#@#
#.##.(h#5# #.
##..#÷# #.
#.....# #....##
#.5... ........
#........##
#......<.#


You could see a crimson imp.

Vanquished Creatures
  Jessica (D:3)
  2 adders (D:2)
  2 oozes (D:1)
  A dart slug (D:2)
  A leopard gecko (D:2)
  A ball python (D:2)
  A giant cockroach (D:2)
  4 goblins
  4 hobgoblins
  4 jackals (D:3)
  3 kobolds (D:1)
  2 quokkas
  6 bats
  2 frilled lizards (D:1)
  5 rats
39 creatures vanquished.

Notes
Turn   | Place    | Note
-------+----------+-------------------------------------------
     0 | D:1      | n0claF the Deep Elf Fire Elementalist began the quest for the Orb.
     0 | D:1      | Reached XP level 1. HP: 10/10 MP: 6/6
    33 | D:1      | Reached XP level 2. HP: 15/15 MP: 1/8
   437 | D:1      | Reached skill level 4 in Fire Magic
   824 | D:2      | Reached XP level 3. HP: 16/19 MP: 3/9
   872 | D:2      | Learned a level 3 spell: Conjure Flame
  1130 | D:2      | Found a hide-covered altar of Uskayaw.
  1496 | D:3      | Noticed Jessica
  1511 | D:3      | Reached XP level 4. HP: 15/24 MP: 1/11
  1517 | D:3      | Killed Jessica
  1729 | D:3      | Slain by a crimson imp

Skill      XL: |  1  2  3  4 |
---------------+-------------+-----
Dodging        | 3 |  3.6
Fire Magic     | 4 |  4.2
Conjurations   | 2 |  2.1
Stealth        | |  2.5
Spellcasting   | |  3.9

Action                   |  1- 3 |  4- 6 || total
-------------------------+-------+-------++-------
Melee: Unarmed           |     2 |       ||     2
       Short sword       |       |    29 ||    29
 Cast: Flame Tongue      |    68 |     3 ||    71
  Eat: Chunk             |     1 |     1 ||     2
Armor: Robe              |    12 |       ||    12
Dodge: Dodged            |    37 |    17 ||    54
